 Dungeon Crawl Stone Soup version 0.25.1-2-g60ff931df9 (webtiles) character file.

Game seed: 18354801054695190831

1694 Impeuri the Firebug (level 9, -5/45 HPs)
             Began as a Gargoyle Fire Elementalist on Aug 22, 2020.
             Was an Initiate of Vehumet.
             Killed from afar by an orc wizard (9 damage)
             ... with a puff of frost
             ... on level 7 of the Dungeon.
             The game lasted 00:19:26 (7624 turns).

Impeuri the Firebug (Gargoyle Fire Elementalist)    Turns: 7624, Time: 00:19:28

Health: -5/45      AC: 13    Str: 12 (13) XL:     9   Next: 2%
Magic:  15/15      EV: 12    Int: 17 (18) God:    Vehumet [......]
Gold:   243        SH:  4    Dex: 16      Spells: 7/17 levels left

rFire    . . .     SeeInvis .   l - +4 morningstar (holy)
rCold    . . .     Gourm    .   (no shield)
rNeg     + . .     Faith    .   g - +2 leather armour {MR+}
rPois    ∞         Spirit   .   (no helmet)
rElec    +         Reflect  .   (no cloak)
rCorr    .         Harm     .   o - +1 pair of gloves
MR       +....                  (no boots)
Stlth    ++........             (no amulet)
HPRegen  0.15/turn              b - +6 ring of dexterity
MPRegen  0.14/turn              (no ring)

@: flying
A: talons 1, large bone plates 1, deterioration 2, negative energy resistance 1,
electricity resistance, unbreathing, petrification resistance, rot immunity, AC
+6
a: Renounce Religion


You were on level 7 of the Dungeon.
You worshipped Vehumet.
Vehumet was noncommittal.
You were very hungry.

You visited 2 branches of the dungeon, and saw 8 of its levels.

You collected 243 gold pieces.

Inventory:

Hand Weapons
 k - a +0 short sword of flaming
 l - a +4 morningstar of holy wrath (weapon)
 n - a +4 short sword
Armour
 a - a +0 robe
 g - a +2 leather armour of magic resistance (worn)
 o - a +1 pair of gloves (worn)
Magical Staves
 e - an uncursed staff of air
 m - an uncursed staff of earth
Jewellery
 b - a +6 ring of dexterity (left hand)
Scrolls
 f - 4 scrolls of remove curse
 h - 5 scrolls of identify
 i - 2 scrolls of teleportation
 j - a scroll of immolation
 r - a scroll of enchant armour
 s - a scroll of enchant weapon {unknown}
 u - 2 scrolls of summoning {unknown}
Potions
 d - a potion of flight
 p - a potion of degeneration {unknown}
 q - 2 potions of curing
 t - a potion of stabbing {unknown}
Comestibles
 c - 13 rations


   Skills:
 - Level 0.1 Fighting
 + Level 0.3 Maces & Flails
 - Level 2.0 Dodging
 - Level 2.5 Stealth
 + Level 4.6 Spellcasting
 * Level 7.1 Conjurations
 + Level 3.0 Translocations
 * Level 7.2 Fire Magic


You had 7 spell levels left.
You knew the following spells:

 Your Spells              Type           Power        Failure   Level  Hunger
a - Foxfire               Conj/Fire      ####         1%          1    None
b - Conjure Flame         Conj/Fire      ####....     3%          3    ###....
c - Sticky Flame          Conj/Fire      ####....     10%         4    ####...
d - Blink                 Tloc           N/A          9%          2    ##.....

Your spell library contained the following spells:

 Spells                   Type           Power        Failure   Level  Hunger
 Magic Dart               Conj           ####         1%          1    None
 Dazzling Flash           Conj/Hex       ###...       13%         3    ###....
 Inner Flame              Hex/Fire       ###.....     13%         3    ###....
 Corona                   Hex            #......      19%         1    None
 Mephitic Cloud           Conj/Pois/Air  ##......     22%         3    ###....
 Fireball                 Conj/Fire      ####......   26%         5    ######.
 Call Imp                 Summ           #.......     28%         2    ##.....
 Ensorcelled Hibernation  Hex/Ice        #.....       28%         2    ##.....
 Slow                     Hex            #.......     28%         2    ##.....
 Confusing Touch          Hex            #.......     50%         3    ###....
 Tukima's Dance           Hex            #.......     50%         3    ###....


Dungeon Overview and Level Annotations

Branches:
Dungeon (7/15)             Temple (1/1) D:6

Altars:
Ashenzari
Fedhas
Gozag
Kikubaaqudgha
Nemelex Xobeh
Okawaru
Qazlal
Ru
Sif Muna
Trog
Uskayaw
Vehumet
Wu Jian
Xom
Yredelemnul
Zin
The Shining One

Shops:
D:6 %?=

Annotations:
D:4 Edmund
D:5 3 runed translucent doors, DerDa's ghost, novice GnWn


Innate Abilities, Weirdness & Mutations

You are resistant to torment.
Your stone body is resilient. (AC +6)
You are immune to poison.
You resist negative energy. (rN+)
You are resistant to electric shocks. (rElec)
You can survive without breathing.
You are immune to petrification.
You are immune to rotting.
You have sharp toenails.
You are partially covered in large bone plates. (SH +4)
Your body often deteriorates upon taking damage.


Message History

The orc wizard hits you but does no damage.
The orc warrior misses you.
The orc wizard shouts!
You hit the orc wizard.
You kill the orc wizard!
Vehumet accepts your kill.
The orc warrior hits you from afar with a +0 trident!
The orc warrior hits you with a +0 trident!
* * * LOW HITPOINT WARNING * * *
The orc wizard hits you but does no damage.
Found a ration.
Things that are here:
a +0 dagger; a +0 robe It was a potion of flight.
You feel very buoyant.
You fly up into the air.
The orc warrior closely misses you.
The howler monkey zombie closely misses you.
The orc wizard gestures at you while chanting.
The puff of frost hits you!
You die...

#. ###.###
.....%. .......
....... .......
......o########
......o@......#
......Z######.#
....... #.#
....... #.#
#..#### #.# ..
#. #.# #.##
###.# #.# #...#
#.# ## #.###


You could see an orc warrior, an orc wizard and a howler monkey zombie.

Vanquished Creatures
  Grinder (D:6)
  An ice beast (D:5)
  2 sky beasts (D:6)
  2 ogres
  A bullfrog (D:5)
  5 scorpions
  A crimson imp (D:6)
  A centaur zombie (D:6)
  A howler monkey (D:6)
  A bullfrog zombie (D:6)
  2 hounds
  A jelly (D:5)
  An orc priest (D:3)
  A bullfrog skeleton (D:5)
  4 iguanas
  4 orc wizards
  3 worker ants
  A worker ant zombie (D:5)
  5 adders
  An adder skeleton (D:5)
  5 worms
  A dart slug (D:3)
  4 leopard geckos
  15 orcs
  A bat zombie (D:1)
  7 giant cockroaches
  7 goblins
  3 hobgoblins
  13 jackals
  3 quokkas
  A ball python (D:5)
  4 bats
  3 frilled lizards
  A giant cockroach zombie (D:1)
  A jackal skeleton (D:5)
  5 kobolds
  A leopard gecko skeleton (D:5)
  A leopard gecko zombie (D:5)
  3 rats (D:3)
118 creatures vanquished.

Vanquished Creatures (others)
  264 foxfires
264 creatures vanquished.

Grand Total: 382 creatures vanquished

Notes
Turn   | Place    | Note
-------+----------+-------------------------------------------
     0 | D:1      | Impeuri the Gargoyle Fire Elementalist began the quest for
                  | the Orb.
     0 | D:1      | Reached XP level 1. HP: 10/10 MP: 3/3
   178 | D:1      | Reached XP level 2. HP: 12/15 MP: 0/5
  1284 | D:2      | Reached XP level 3. HP: 16/19 MP: 1/6
  1875 | D:2      | Reached XP level 4. HP: 24/24 MP: 0/7
  1961 | D:2      | Learned a level 3 spell: Conjure Flame
  2358 | D:3      | Found a sparkling altar of Nemelex Xobeh.
  2448 | D:3      | Reached XP level 5. HP: 18/28 MP: 1/8
  2504 | D:3      | Learned a level 4 spell: Sticky Flame
  2633 | D:3      | Noticed an ogre
  2666 | D:3      | Killed an ogre
  2869 | D:3      | Reached XP level 6. HP: 32/32 MP: 7/10
  3866 | D:4      | Learned a level 2 spell: Blink
  4162 | D:4      | Noticed Edmund
  4204 | D:4      | Gained mutation: Your body sometimes deteriorates upon
                  | taking damage. [potion of mutation]
  4204 | D:4      | Gained mutation: You have sharp toenails. [potion of
                  | mutation]
  4204 | D:4      | Gained mutation: Your body often deteriorates upon taking
                  | damage. [potion of mutation]
  4204 | D:4      | Gained mutation: You are partially covered in large bone
                  | plates. (SH +4) [potion of mutation]
  4207 | D:4      | Reached skill level 5 in Fire Magic
  4407 | D:4      | Reached XP level 7. HP: 24/36 MP: 8/12
  4509 | D:4      | Found a shimmering blue altar of Sif Muna.
  4670 | D:5      | Entered Level 5 of the Dungeon
  4719 | D:5      | Found a runed translucent gate.
  4719 | D:5      | Found a runed translucent gate.
  4721 | D:5      | Found a runed translucent gate.
  4722 | D:5      | Noticed DerDa's ghost (novice GnWn)
  4828 | D:5      | Reached skill level 1 in Translocations
  4973 | D:5      | Reached skill level 5 in Conjurations
  5848 | D:5      | Reached XP level 8. HP: 31/41 MP: 6/13
  6192 | D:6      | Found Oguham Jave's Food Shop.
  6270 | D:6      | Found Qaystucs's Jewellery Shop.
  6513 | D:6      | Found a staircase to the Ecumenical Temple.
  6768 | D:6      | Noticed Grinder
  6780 | D:6      | Killed Grinder
  7190 | D:6      | Found Fuezuh's Magic Scroll Shoppe.
  7334 | D:6      | Reached XP level 9. HP: 45/45 MP: 15/15
  7371 | Temple   | Entered the Ecumenical Temple
  7453 | Temple   | Became a worshipper of Vehumet
  7624 | D:7      | Killed from afar by an orc wizard

Illustrated notes

Levels and vault maps discovered:
D:1:      saegor_arrival_fortress, layout_loops_ring, chequers_avenue
D:2:      layout_basic
D:3:      layout_basic, nemelex_xobeh_ov_fountains_minmay
D:4:      layout_basic, lemuel_doored_altar, uniq_edmund
D:5:      minmay_chambers_of_threes, layout_loops_ring, first_ration,
          gammafunk_ghost_necromancy
D:6:      layout_basic, minmay_temple_entry_sparse_star, gup_sewer_entry_pipe,
          serial_shops, kennysheep_mini_moat,
          nicolae_shop_temple_entry_statues_fountains, shop_statue, uniq_grinder
D:7:      minmay_spotlight, layout_loops_ring, uniq_maggie, uniq_duvessa,
          uniq_menkaure
Temple:   compressed_dpeg_circular_temple

Skill      XL: |  1  2  3  4  5  6  7  8 |
---------------+-------------------------+-----
Dodging        | 2 |  2.0
Conjurations   | 2 3 4 5 7 |  7.1
Fire Magic     | 4 5 6 7 |  7.2
Spellcasting   | 3 4 |  4.6
Translocations | 1 3 |  3.0
Fighting       | |  0.1
Maces & Flails | |  0.3
Stealth        | |  2.5

Action                   |  1- 3 |  4- 6 |  7- 9 || total
-------------------------+-------+-------+-------++-------
Melee: Unarmed           |    19 |       |       ||    19
       Dagger            |     3 |       |       ||     3
       Short sword       |    24 |   115 |    98 ||   237
       Kick              |       |     4 |    30 ||    34
       Morningstar       |       |       |     7 ||     7
 Cast: Foxfire           |    49 |    67 |    75 ||   191
       Conjure Flame     |       |     2 |       ||     2
  Use: Scroll            |       |     5 |     2 ||     7
       Potion            |       |     4 |     2 ||     6
 Stab: Sleeping          |     1 |     2 |     3 ||     6
  Eat: Chunk             |     3 |     9 |     9 ||    21
Armor: Robe              |    28 |    36 |     5 ||    69
       Skin              |       |     2 |       ||     2
       Leather armour    |       |       |    50 ||    50
Dodge: Dodged            |    50 |    79 |    77 ||   206
Block: Other             |       |     1 |    18 ||    19
